 Dungeon Crawl Stone Soup version 0.18-a0-1604-gf68bb23 (webtiles) character file.

184 Oddball22 the Grave Robber (level 5, -1/26 HPs)
             Began as a Vine Stalker Necromancer on Mar 21, 2016.
             Slain by iroha's ghost (6 damage)
             ... on level 3 of the Dungeon.
             The game lasted 00:13:06 (2125 turns).

Oddball22 the Grave Robber (VSNe)                   Turns: 2125, Time: 00:13:07

Health: -1/26      AC:  2    Str: 10    XL:     5   Next: 64%
Magic:  0/12       EV: 12    Int: 15    God:
Gold:   116        SH:  0    Dex: 16    Spells: 5 memorised, 0 levels left

rFire  . . .     SeeInvis .     v - +0 hand axe (elec)
rCold  . . .     Gourm    .     a - +0 robe
rNeg   . . .     Faith    .     (no shield)
rPois  .         Spirit   +     (no helmet)
rElec  .         Dismiss  .     (no cloak)
rCorr  .         Reflect  .     (no gloves)
SustAt .         Harm     .     (no boots)
MR     .....                    h - amulet of magic regeneration (curse)
Stlth  ++........               (no ring)
                                (no ring)

@: not resistant to hostile enchantments, unstealthy
A: fangs 2, regeneration 1, magic shield, antimagic bite, no device heal 3, rot
immunity
a: no special abilities


You were on level 3 of the Dungeon.
You were not hungry.

You visited 1 branch of the dungeon, and saw 3 of its levels.

You collected 116 gold pieces.

Inventory:

Hand Weapons
 i - a +2 short sword of protection
 v - a +0 hand axe of electrocution (weapon)
 x - a +0 short sword of venom
Missiles
 p - 4 javelins (quivered)
Armour
 a - a +0 robe (worn)
Jewellery
 h - a cursed amulet of magic regeneration (around neck)
Wands
 w - a wand of polymorph (14/24)
Scrolls
 d - a scroll of enchant weapon {unknown}
 e - 2 scrolls of identify {unknown}
 f - 2 scrolls of blinking {unknown}
 g - 2 scrolls of recharging {unknown}
 q - 2 scrolls of teleportation {unknown}
 r - a scroll of fear {unknown}
 t - a scroll of random uselessness {unknown}
Potions
 j - 2 potions of berserk rage {unknown}
 k - a potion of curing {unknown}
 m - a potion of heal wounds {unknown}
 n - a potion of invisibility {unknown}
 o - 3 potions of degeneration {unknown}
 s - a potion of might {unknown}
Books
 b - a book of Necromancy

   Spells                             Type                      Level
   a - Pain                           Necromancy                   1
   b - Animate Skeleton               Necromancy                   1
   c - Vampiric Draining              Necromancy                   3
   d - Regeneration                   Charms/Necromancy            3
   e - Animate Dead                   Necromancy                   4
   f - Control Undead                 Necromancy                   4
Comestibles
 c - 3 bread rations
 l - 2 beef jerkies
 u - 9 chunks of flesh


   Skills:
 + Level 2.0 Fighting
 - Level 1.5 Dodging
 - Level 2.4 Stealth
 * Level 4.3 Spellcasting
 + Level 4.8 Necromancy


You couldn't memorise any spells.
You knew the following spells:

 Your Spells              Type           Power        Failure   Level  Hunger
a - Pain                  Necr           ###.         2%          1    None
b - Animate Skeleton      Necr           N/A          2%          1    None
c - Vampiric Draining     Necr           ###.......   10%         3    ###....
d - Regeneration          Chrm/Necr      ##........   21%         3    ###....
e - Animate Dead          Necr           N/A          28%         4    ####...


Dungeon Overview and Level Annotations

Branches:
Dungeon (3/15)

Altars:
Elyvilon

Annotations:
D:3 iroha's ghost, weakling DsGl


Innate Abilities, Weirdness & Mutations

You have extremely sharp teeth.
Your natural rate of healing is unusually fast.
When hurt, damage is shared between your health and your magic reserves.
Your bite disrupts and absorbs the magic of your enemies.
Potions and wands cannot restore your health.
You are immune to rotting.


Message History

The javelin closely misses iroha's ghost.
Iroha's ghost whispers, "There is no future for you."
Throwing (i - inventory):
p - 5 javelins (quivered)
Press: ? - help, Shift-Dir - straight line, f/p - iroha's ghost
Aim: iroha's ghost (lightly damaged)
You throw a javelin. The javelin hits iroha's ghost.
Iroha's ghost is moderately damaged.
You barely miss iroha's ghost. Your bite misses iroha's ghost.
Iroha's ghost is moderately damaged.
Iroha's ghost hits you!
You completely miss iroha's ghost.
You bite iroha's ghost, but do no damage.
Iroha's ghost is moderately damaged.
Iroha's ghost closely misses you.
You hit iroha's ghost but do no damage.
Iroha's ghost is moderately damaged.
Iroha's ghost hits you!
* * * LOW HITPOINT WARNING * * *
Iroha's ghost hits you!
You die...

############
#.....)....# #####
#..........# #...#
#..........#
#...######..........#
#.......##@W(.))((..#
#.......#######[#.#####
#..............).......
#.......#####.....>.###
#........# ###.#...#
####.....### #.##..#
#.......# #.# ....
#######....#.... .<.
.... ##...#...#.##...<
#.# ...≈


You could see iroha's ghost.

Vanquished Creatures
  2 orc priests (D:3)
  An orc wizard (D:3)
  2 adders
  3 worms (D:3)
  9 orcs (D:3)
  A giant cockroach (D:2)
  A goblin (D:2)
  9 hobgoblins
  4 jackals (D:1)
  8 kobolds
  2 quokkas (D:3)
  A ball python (D:1)
  10 bats
  A giant newt (D:1)
  8 rats
62 creatures vanquished.

Notes
Turn   | Place    | Note
--------------------------------------------------------------
     0 | D:1      | Oddball22 the Vine Stalker Necromancer began the quest for the Orb.
     0 | D:1      | Reached XP level 1. HP: 9/9 MP: 4/4
   281 | D:1      | Reached XP level 2. HP: 7/14 MP: 4/6
   534 | D:1      | Reached XP level 3. HP: 13/17 MP: 6/8
  1711 | D:3      | Reached skill level 1 in Fighting
  1721 | D:3      | Reached XP level 4. HP: 19/22 MP: 6/10
  1767 | D:3      | Reached XP level 5. HP: 6/25 MP: 8/12
  1815 | D:3      | Noticed iroha's ghost (weakling DsGl)
  1833 | D:3      | Found a white marble altar of Elyvilon.
  1936 | D:3      | Learned a level 1 spell: Animate Skeleton
  1940 | D:3      | Learned a level 3 spell: Vampiric Draining
  1944 | D:3      | Learned a level 3 spell: Regeneration
  1949 | D:3      | Learned a level 4 spell: Animate Dead
  2125 | D:3      | Slain by iroha's ghost

Vault maps used:
D:1:      dpeg_arrival_sounds_slurp
D:3:      nicolae_overflow_crystal_walls, nicolae_qazlal_general_emergency

Skill      XL: |  1  2  3  4  5 |
---------------+----------------+-----
Spellcasting   | 3 4 |  4.3
Fighting       | 1 2 |  2.0
Dodging        | |  1.5
Stealth        | |  2.4
Necromancy     | |  4.8

Action                   |  1- 3 |  4- 6 || total
-------------------------+-------+-------++-------
Melee: Unarmed           |    62 |       ||    62
       Short sword       |   100 |    28 ||   128
       Hand axe          |       |    34 ||    34
Throw: Javelin           |       |     4 ||     4
 Cast: Pain              |     5 |       ||     5
 Stab: Sleeping          |     5 |     1 ||     6
  Eat: Chunk             |     1 |     3 ||     4
